 Dungeon Crawl Stone Soup version 0.31-a0-544-gceb718ecc6 (webtiles) character file.

Game seed: 14566169381952236549

341 Dittersdorf the Trooper (level 6, -12/40 HPs)
             Began as a Gargoyle Fighter on Aug 15, 2023.
             Mangled by Sigmund
             ... wielding a +2 scythe of distortion
              (25 damage)
             ... on level 3 of the Dungeon.
             The game lasted 00:04:23 (2932 turns).

Dittersdorf the Trooper (Gargoyle Fighter)          Turns: 2932, Time: 00:04:24

Health: -12/40     AC: 15    Str: 21    XL:     6   Next: 56%
Magic:  6/6        EV:  8    Int:  9    God:
Gold:   146        SH:  4    Dex:  9    Spells: 5/5 levels left

rFire   . . .        a - +0 flail
rCold   . . .        c - +0 buckler
rNeg    + . .        n - +0 chain mail
rPois   ∞            (no helmet)
rElec   +            (no cloak)
rCorr   .            l - +0 pair of gloves
SInv    .            (no boots)
Will    .....        b - amulet of the acrobat Stlth
                     (no ring)
HPRegen 0.26/turn    (no ring)
MPRegen 0.10/turn

%: acrobat
@: mighty
A: sickness immunity, AC +4, negative energy resistance 1, electricity
resistance, torment resistance 1, petrification resistance
a: no special abilities


You were on level 3 of the Dungeon.
You visited 1 branch of the dungeon, and saw 3 of its levels.

You collected 146 gold pieces.

Inventory:

Hand Weapons
 a - a +0 flail (weapon)
Armour
 c - a +0 buckler (worn)
 l - a +0 pair of gloves (worn)
 n - a +0 chain mail (worn)
Jewellery
 b - an amulet of the acrobat (around neck)
Scrolls
 e - 5 scrolls of identify {unknown}
 f - 3 scrolls of blinking {unknown}
 h - 2 scrolls of poison {unknown}
 i - a scroll of teleportation {unknown}
Potions
 d - a potion of might
 g - 2 potions of resistance {unknown}
 j - a potion of heal wounds {unknown}
 k - 2 potions of degeneration {unknown}
 m - a potion of cancellation {unknown}
 o - a potion of lignification {unknown}


   Skills:
 + Level 4.9 Fighting
 + Level 3.6 Maces & Flails
 + Level 4.8 Armour
 + Level 4.8 Shields


You had 5 spell levels left.
You didn't know any spells.
Your spell library contained the following spells:

 Spells                   Type           Power      Damage    Failure   Level
 Blink                    Tloc           0%         N/A       99%         2
 Lesser Beckoning         Tloc           0%         N/A       99%         2
 Momentum Strike          Conj/Tloc      0%         3d8       99%         2


Dungeon Overview and Level Annotations

Branches:
Dungeon (3/15)

Altars:

Annotations:
D:3 Sigmund


Innate Abilities, Weirdness & Mutations

You are immune to sickness and miasma.
Your stone body is resilient. (AC +4)
You are immune to poison.
You resist negative energy. (rN+)
You are resistant to electric shocks. (rElec)
You are resistant to unholy torment.
You are immune to petrification.


Message History

You are too injured to fight recklessly!
You are too injured to fight recklessly!
You are too injured to fight recklessly!
You are too injured to fight recklessly!
You are too injured to fight recklessly!
You are too injured to fight recklessly!
You are too injured to fight recklessly!
You are too injured to fight recklessly!
You are too injured to fight recklessly!
You are too injured to fight recklessly!
You are too injured to fight recklessly!
You are too injured to fight recklessly!
You are too injured to fight recklessly!
You are too injured to fight recklessly!
You are too injured to fight recklessly!
You are too injured to fight recklessly!
You feel very mighty all of a sudden. Sigmund hits you but does no damage.
Space warps around you.
You thump Sigmund!
Sigmund is moderately wounded.
You sock Sigmund!
Sigmund is severely wounded.
Sigmund hits you but does no damage.
You blink.
There is a stone staircase leading up here.
Sigmund casts a spell.
Sigmund flickers and vanishes!
Deactivating autopickup; reactivate with Ctrl-A.
You hear some strange, mumbled words.
A puff of flame appears from out of thin air!
The puff of flame hits you but does no damage.
You closely miss something.
You hear some strange, mumbled words.
A magic dart appears from out of thin air!
The magic dart hits you.
* * * LOW HITPOINT WARNING * * *
You closely miss something. You block something's attack.
You barely miss something. Something hits you but does no damage.
Space warps horribly around you!!
Ouch! That really hurt!
You die...

....... .........[..>### .....#
#. #.####....##.##. .....#
######. #######.... .....#
#...... ..#####......... .....#
#...... ................ .....##
......########.####.##. ......#
........<....#.# #.#.. ......####
##.#..........# #.###
##.##....####.##@....########.# #
##.##..........{..............# #
##.##.........#####......###..###
..###.........# #......###.....
##.##.........# #......#....#.#
..###.........#####......#.#.##..
..............#...'..........####
...##...........###...........
...##...........# ##+#......##


There were no monsters in sight!

Vanquished Creatures
  Grinder (D:2)
  An orc wizard (D:2)
  4 adders
  2 worms (D:3)
  2 dart slugs (D:1)
  4 orcs (D:2)
  3 endoplasms (D:1)
  4 giant cockroaches
  3 goblins
  6 hobgoblins
  6 jackals
  A quokka (D:2)
  7 ball pythons
  5 bats
  5 frilled lizards
  3 kobolds (D:2)
  8 rats
65 creatures vanquished.

Notes
Turn   | Place    | Note
-------+----------+-------------------------------------------
     0 | D:1      | Dittersdorf the Gargoyle Fighter began the quest for the
                  | Orb.
     0 | D:1      | Reached XP level 1. HP: 14/14 MP: 1/1
   225 | D:1      | Reached XP level 2. HP: 19/19 MP: 2/2
   655 | D:1      | Reached XP level 3. HP: 18/24 MP: 3/3
  1306 | D:2      | Reached XP level 4. HP: 29/29 MP: 4/4
  2079 | D:3      | Noticed Sigmund
  2153 | D:3      | Noticed Grinder
  2161 | D:2      | Paralysed by Grinder for 2 turns
  2166 | D:2      | Paralysed by Grinder for 4 turns
  2177 | D:2      | Killed Grinder
  2178 | D:2      | Reached XP level 5. HP: 13/34 MP: 5/5
  2178 | D:2      | Reached XP level 6. HP: 15/39 MP: 6/6
  2932 | D:3      | Mangled by Sigmund

Illustrated notes

Levels and vault maps discovered:
D:1:      heliophobic_arrival_ceremonial_halls, layout_basic,
          hangedman_decor_points
D:2:      layout_loops_corners
D:3:      layout_basic, nicolae_houndstooth_variations, uniq_sigmund,
          uniq_grinder

Skill      XL: |  1  2  3  4 |
---------------+-------------+-----
Fighting       | 4 |  4.9
Armour         | 4 |  4.8
Maces & Flails | 3 |  3.6
Shields        | 4 |  4.8

Action                     |  1- 3 |  4- 6 || total
---------------------------+-------+-------++-------
  Melee: Flail             |   135 |   109 ||   244
    Use: Potion            |       |     1 ||     1
 Armour: Scale mail        |   105 |    46 ||   151
         Chain mail        |       |    14 ||    14
  Dodge: Dodged            |   100 |    39 ||   139
  Block: Buckler           |    27 |    14 ||    41

Table legend: (Time is in decaauts)
 A = Elapsed time spent in this place.
 B = Non-inter-level travel time spent in this place.
 C = Inter-level travel time spent in this place.
 D = Time resting spent in this place.
 E = Time spent auto-exploring this place.
 F = Levels seen in this place.
 G = Mean time per level.
                   A        B        C        D        E       F      G
               +--------+--------+--------+--------+--------+-----+--------+
         Total |   3012 |   2878 |    134 |    152 |   2070 |   3 | 1004.0 |
       Dungeon |   3012 |   2878 |    134 |    152 |   2070 |   3 | 1004.0 |
               +--------+--------+--------+--------+--------+-----+--------+

Top non-repeatable levels by time:
     D:2: 1315 daAuts
     D:1: 1042 daAuts
     D:3: 654 daAuts
